 Dungeon Crawl Stone Soup version 0.30-a0-1094-g860fb061e7 (webtiles) character file.

Game seed: 12251616499891909208

5156138 ragingrage the Tengu Blade (level 27, 186/186 HPs)
             Began as a Tengu Fighter on Apr 17, 2023.
             Was the Champion of Okawaru.
             Escaped with the Orb
             ... and 8 runes!
             The game lasted 02:33:31 (99258 turns).

ragingrage the Tengu Blade (Tengu Fighter)         Turns: 99258, Time: 02:33:32

Health: 186/186    AC: 58    Str: 20      XL:     27
Magic:  56/56      EV: 23    Int: 16 (18) God:    Okawaru [******]
Gold:   6600       SH:  8    Dex: 33      Spells: 28/44 levels left

rFire   + + .      SeeInvis +    a - +9 triple sword (heavy)
rCold   + + .      Faith    .    (shield currently unavailable)
rNeg    + + +      Spirit   +    w - +14 crystal plate armour "Cuxenlop" {rPois rF++ rN++}
rPois   +          Reflect  .    Q - +3 hat of Pondering {ponderous, Will+ MP+10 Int+5}
rElec   +          Rampage  +    f - +3 cloak of Ruxzadiu {Rampage rC+ Int+3}
rCorr   .                        v - +2 pair of gloves "Loenile" {rN+ Dex+6}
Will    ++++.                    (boots unavailable) Stlth
                                 q - brooch of Shielding {Spirit SH+8}
HPRegen 0.51/turn                N - ring of Quemod {Contam rElec rC+ Will+ MP+9}
MPRegen 0.35/turn                b - ring of the Shrinking King {+Blink rN+ Dex+4 SInv Stlth+}

@: flying quickly and evasively, studying 2 skills
A: beak, talons 3, nimble flight, iridescent scales 1, MP-powered wands
0: Orb of Zot
}: 8/15 runes: decaying, slimy, silver, abyssal, glowing, magical, fiery,
gossamer
a: Renounce Religion, Evoke Blink, Heroism, Finesse, Duel


You escaped.
You worshipped Okawaru.
Okawaru was exalted by your worship.
You visited 13 branches of the dungeon, and saw 57 of its levels.
You visited Pandemonium 1 time, and saw 12 of its levels.
You visited the Abyss 4 times.
You also visited: Bailey, Gauntlet and Ice Cave.

You collected 10465 gold pieces.
You spent 3865 gold pieces at shops.

Inventory:

Hand Weapons
 a - a +9 heavy triple sword (weapon)
 Z - the +10 demon blade "Licumefut" {vamp, Str+6}
   (Okawaru gifted it to you on level 3 of the Abyss)

   Str:       It affects your strength (+6).
Missiles
 h - 19 boomerangs
 l - 4 silver javelins
 z - 27 javelins
 B - a silver boomerang
 P - 23 curare-tipped darts
 T - 9 throwing nets
Armour
 f - the +3 cloak of Ruxzadiu (worn) {Rampage rC+ Int+3}
   (You found it in Pandemonium)

   Int:       It affects your intelligence (+3).
   rC:        It protects you from cold.
   Rampage:   It bestows one free step when moving towards enemies.
 r - a +2 kite shield of reflection
 v - the +2 pair of gloves "Loenile" (worn) {rN+ Dex+6}
   (You found it in a Gauntlet)

   Dex:       It affects your dexterity (+6).
   rN:        It protects you from negative energy.
 w - the +14 crystal plate armour "Cuxenlop" (worn) {rPois rF++ rN++}
   (You found it on level 2 of the Lair of Beasts)

   rF:        It greatly protects you from fire.
   rPois:     It protects you from poison.
   rN:        It greatly protects you from negative energy.
 E - a +2 cloak of preservation
 Q - the +3 hat of Pondering (worn) {ponderous, Will+ MP+10 Int+5}
   (You took it off Gastronok on level 1 of the Orcish Mines)

   Int:       It affects your intelligence (+5).
   MP:        It affects your magic capacity (+10).
   Will:      It increases your willpower.
 Y - a +2 tower shield of reflection
Jewellery
 b - the ring of the Shrinking King (right hand) {+Blink rN+ Dex+4 SInv Stlth+}
   (You took it off a frost giant on level 3 of the Depths)

   [ring of positive energy]

   Dex:       It affects your dexterity (+4).
   rN:        It protects you from negative energy.
   SInv:      It lets you see invisible.
   +Blink:    It lets you blink.
   Stlth:     It makes you more stealthy.
 q - the brooch of Shielding (around neck) {Spirit SH+8}
   (You found it on level 3 of the Lair of Beasts)

   [amulet of guardian spirit]

   It causes incoming damage to be divided between your reserves of health and
   magic.
   SH:        It affects your SH (+8).
 G - the ring "Wekhipn" {rC+ Dex+3 Slay+4}
   (You found it on level 1 of the Depths)

   [ring of slaying]

   Dex:       It affects your dexterity (+3).
   Slay:      It affects your accuracy & damage with ranged weapons and melee
   (+4).
   rC:        It protects you from cold.
 N - the ring of Quemod (left hand) {Contam rElec rC+ Will+ MP+9}
   (You found it on level 3 of the Crypt)

   [ring of magical power]

   rC:        It protects you from cold.
   rElec:     It insulates you from electricity.
   MP:        It affects your magic capacity (+9).
   Contam:    It causes magical contamination when unequipped.
   Will:      It increases your willpower.
Wands
 x - a wand of polymorph (25)
 F - a wand of roots (105)
 I - a wand of light (23)
 R - a wand of paralysis (67)
 U - a wand of digging (11)
Scrolls
 i - 7 scrolls of fog
 k - 12 scrolls of vulnerability
 p - 5 scrolls of immolation
 t - 23 scrolls of teleportation
 y - 5 scrolls of poison
 D - 8 scrolls of blinking
 J - 2 scrolls of torment
 K - 3 scrolls of silence
 M - 9 scrolls of magic mapping
 O - 13 scrolls of fear
 S - 8 scrolls of enchant weapon
 W - 6 scrolls of amnesia
 X - 10 scrolls of enchant armour
Potions
 c - 5 potions of berserk rage
 d - 12 potions of might
 e - 14 potions of attraction
 g - 10 potions of resistance
 j - 19 potions of heal wounds
 m - 4 potions of mutation
 n - 5 potions of haste
 o - 7 potions of brilliance
 s - 28 potions of curing
 u - 8 potions of ambrosia
 A - 11 potions of lignification
 C - 4 potions of invisibility
 L - 4 potions of cancellation
 V - 12 potions of magic
Miscellaneous
 H - a tin of tremorstones (2/2)


   Skills:
 + Level 22.6 Fighting
 - Level 9.7(19.7) Short Blades
 - Level 26.4(27) Long Blades
 - Level 14.0 Throwing
 - Level 26.0 Armour
 - Level 19.0 Dodging
 - Level 10.0 Stealth
 - Level 3.0 Shields
 - Level 9.0 Spellcasting
 - Level 15.0 Conjurations
 - Level 15.0 Translocations
 - Level 13.3 Transmutations
 - Level 8.0 Air Magic
 - Level 3.0 Poison Magic
 - Level 11.0 Invocations
 - Level 15.0 Evocations


You had 28 spell levels left.
You knew the following spells:

 Your Spells              Type           Power      Damage    Failure   Level
a - Wereblood             Tmut           49%        N/A       1%          2
b - Manifold Assault      Tloc           53%        N/A       2%          4
c - Blink                 Tloc           100%       N/A       1%          2
d - Vhi's Electric Charg  Tloc/Air       88%        N/A       3%          3
e - Irradiate             Conj/Tmut      25%        3d20      10%         5

Your spell library contained the following spells:

 Spells                   Type           Power      Damage    Failure   Level
 Beastly Appendage        Tmut           98%        N/A       1%          1
 Magic Dart               Conj           100%       1d8       1%          1
 Shock                    Conj/Air       100%       1d9       1%          1
 Lesser Beckoning         Tloc           100%       N/A       1%          2
 Static Discharge         Conj/Air       88%        2-6/arc   1%          2
 Gell's Gravitas          Tloc           53%        N/A       1%          3
 Iskenderun's Mystic Bla  Conj/Tloc      53%        2d11      2%          4
 Kiss of Death            Conj/Necr      100%       2d13      5%          1
 Iskenderun's Battlesphe  Conj           53%        2d10      7%          5
 Mephitic Cloud           Conj/Pois/Air  34%        N/A       11%         3
 Passwall                 Tmut/Erth      23%        N/A       12%         2
 Spider Form              Tmut/Pois      33%        N/A       13%         3
 Swiftness                Air            32%        N/A       14%         3
 Blade Hands              Tmut           24%        N/A       14%         5
 Hailstorm                Conj/Ice       31%        3d8       17%         3
 Portal Projectile        Hex/Tloc       62%        N/A       17%         3
 Stone Arrow              Conj/Erth      62%        3d10      17%         3
 Volatile Blastmotes      Fire/Tloc      62%        2d15      17%         3
 Poisonous Vapours        Pois/Air       48%        N/A       19%         2
 Arcjolt                  Conj/Air       22%        1d32      30%         5
 Ignite Poison            Fire/Tmut/Pois 24%        N/A       36%         3
 Dispersal                Tloc           26%        N/A       36%         6
 Cigotuvi's Dreadful Rot  Necr/Pois/Air  36%        N/A       38%         2
 Airstrike                Air            16%        2d(3-19)  41%         4
 Flame Wave               Conj/Fire      31%        2d9       50%         4
 Fulminant Prism          Conj/Hex       15%        3d11      50%         4
 Sticky Flame             Conj/Fire      31%        2d5       50%         4
 Ice Form                 Ice/Tmut       28%        N/A       61%         4
 Alistair's Intoxication  Tmut/Pois      22%        N/A       75%         5
 Freeze                   Ice            28%        1d5       77%         1
 Necrotise                Necr           28%        1d5       77%         1
 Sandblast                Erth           14%        2d6       77%         1
 Fireball                 Conj/Fire      15%        3d8       83%         5
 Freezing Cloud           Conj/Ice/Air   15%        6-21      83%         5
 Conjure Ball Lightning   Conj/Air       22%        3x3d6     86%         6
 Ensorcelled Hibernation  Hex/Ice        14%        N/A       88%         2
 Scorch                   Fire           14%        2d5       88%         2
 Yara's Violent Unravell  Hex/Tmut       14%        3d7       91%         5
 Orb of Destruction       Conj           26%        9d9       91%         7
 Confusing Touch          Hex            7%         N/A       98%         3
 Frozen Ramparts          Ice            14%        1d3       98%         3
 Inner Flame              Hex/Fire       7%         N/A       98%         3
 Ozocubu's Armour         Ice            7%         N/A       98%         3
 Vampiric Draining        Necr           7%         2d6       98%         3
 Olgreb's Toxic Radiance  Pois           16%        N/A       98%         4
 Dragon Form              Tmut           24%        N/A       99%         7
 Cause Fear               Hex            3%         N/A       100%        4
 Dispel Undead            Necr           7%         3d8       100%        4
 Agony                    Necr           7%         N/A       100%        5
 Borgnjor's Vile Clutch   Necr/Erth      3%         N/A       100%        5
 Lee's Rapid Deconstruct  Erth           3%         3d5*      100%        5
 Metabolic Englaciation   Hex/Ice        3%         N/A       100%        5
 Silence                  Hex/Air        10%        N/A       100%        5
 Eringya's Noxious Bog    Tmut/Pois      16%        N/A       100%        6
 Plasma Beam              Fire/Air       10%        2x1d23    100%        6
 Statue Form              Tmut/Erth      18%        N/A       100%        6
 Enfeeble                 Hex            3%         N/A       100%        7
 Ozocubu's Refrigeration  Ice            3%         4d8       100%        7
 Storm Form               Tmut/Air       20%        N/A       100%        7
 Borgnjor's Revivificati  Necr           3%         N/A       100%        8
 Discord                  Hex            3%         N/A       100%        8
 Disjunction              Tloc           26%        N/A       100%        8
 Ignition                 Fire           3%         3d4       100%        8
 Maxwell's Capacitive Co  Air            16%        ∞         100%        8
 Necromutation            Tmut/Necr      14%        N/A       100%        8
 Death's Door             Necr           3%         N/A       100%        9
 Polar Vortex             Ice            3%         N/A       100%        9
 Summon Lightning Spire   Summ/Air       Unusable   N/A       N/A         4
 Summon Guardian Golem    Hex/Summ       Unusable   N/A       N/A         3
 Tukima's Dance           Hex            Unusable   N/A       N/A         3
 Animate Armour           Summ/Erth      Unusable   N/A       N/A         4
 Summon Ice Beast         Ice/Summ       Unusable   N/A       N/A         4
 Summon Mana Viper        Hex/Summ       Unusable   N/A       N/A         5
 Simulacrum               Ice/Necr       Unusable   N/A       N/A         6
 Summon Cactus Giant      Summ           Unusable   N/A       N/A         6
 Spellforged Servitor     Conj/Summ      Unusable   N/A       N/A         7
 Infestation              Necr           Unusable   N/A       N/A         8
 Summon Horrible Things   Summ           Unusable   N/A       N/A         8
 Dragon's Call            Summ           Unusable   N/A       N/A         9

Dungeon Overview and Level Annotations

Branches:
Dungeon (15/15)            Temple (0/1) D:6            Lair (5/5) D:8
  Swamp (4/4) Lair:2       Spider (4/4) Lair:3        Slime (5/5) Lair:5
    Orc (2/2) D:10            Elf (3/3) Orc:2        Vaults (5/5) D:13
  Crypt (3/3) Vaults:3       Tomb (1/3) Crypt:3      Depths (4/4) D:15
   Hell (visited)             Dis (0/7) Hell            Geh (0/7) Hell
    Coc (0/7) Hell            Tar (0/7) Hell            Zot (5/5) Depths:4
 Bailey (visited)           IceCv (visited)         Gauntlet (visited)

Altars:
Ashenzari
Cheibriados
Fedhas
Gozag
Hepliaklqana
Kikubaaqudgha
Nemelex Xobeh
Okawaru
Qazlal
Sif Muna
Vehumet
Wu Jian
Xom
Yredelemnul
Zin
The Shining One
Jiyva
Lugonu

Shops:
D:2 *   D:10 *   D:15 !   Orc:1 *   Orc:2 :*[(   Elf:1 ?[=*   Elf:2 [
Vaults:5 (

Portals:
Hell: Depths:1 Depths:2 Depths:3 Depths:4
Abyss: Depths:2 Depths:3 Depths:4
Pandemonium: Depths:2 Depths:4
Ziggurat: Depths:2

Annotations:
Lair:3 Vacku Hude's ghost, journeyman HOFi
Elf:2 2 runed translucent doors
Zot:2 1 transporter


Innate Abilities, Weirdness & Mutations

You have a beak for a mouth.
You have claws for feet.
Your magical nature lets you fly swiftly and evasively.
You are partially covered in iridescent scales. (AC +2)
You expend magic power (3 MP) to strengthen your wands.


Message History

You see here a +0 scale mail.
You fly upwards.
There is a stone staircase leading down here.
An Orb Guardian comes into view.
There is a stone staircase leading up here.
You fly upwards.
There is a stone staircase leading down here.
(D) Dungeon (T) Temple (L) Lair (S) Swamp (N) Spider Nest (M) Slime Pits (O) Orcish Mines (E) Elven Halls (V) Vaults (C) Crypt (W) Tomb (U) Depths (H) Hell (I) Dis (G) Gehenna (X) Cocytus (Y) Tartarus (Z) Zot
Where to? (Enter - D:1 @ (x,y), ? - help)
You see here a +0 club.
You see here a +0 club.
There is a stone staircase leading up, spattered with blood here.
You see here 20 stones.
You fly upwards.
There is a stone staircase leading down here.
An Ice Fiend comes into view.
You see here a +0 leather armour.
Unknown command.
There is a stone staircase leading up here.
You fly upwards.
There is a stone staircase leading down here.
(D) Dungeon (T) Temple (L) Lair (S) Swamp (N) Spider Nest (M) Slime Pits (O) Orcish Mines (E) Elven Halls (V) Vaults (C) Crypt (W) Tomb (U) Depths (H) Hell (I) Dis (G) Gehenna (X) Cocytus (Y) Tartarus (Z) Zot
Where to? (Enter - D:1 @ (x,y), ? - help)
A great orb of eyes comes into view.
Space momentarily warps into an impossible shape!
You chop the great orb of eyes into pieces!!!!
You kill the great orb of eyes!
Okawaru accepts your kill.
You can't see any susceptible monsters within range! (Use Z to cast anyway.)
You can't see any susceptible monsters within range! (Use Z to cast anyway.)
There is a staircase leading out of the dungeon here.
You have escaped!

#...####.......)(.>..######....
#...........#######............
#.....##....# ##.........#.
#...#.##....# ##....######
#.#........##########..########
####.####......................
#.##################.#######
#...♣♣♣♣♣♣♣♣♣♣♣♣♣♣♣..#
##.........@.........##
#..♣♣♣♣♣♣♣♣♣♣♣♣♣♣♣...## #.##
#####..### #####.#####
#...##...# #.........#
###......### #.........#
######.... #.........# #.###
#.........# #.†.# #.........#
###.#


There were no monsters in sight!

Vanquished Creatures
  Cerebov (Pan)
  the Royal Jelly (Slime:5)
  Ignacio (Pan)
  Mnoleg (Pan)
  Lom Lobon (Pan)
  3 orbs of fire (Zot:5)
  2 ancient liches
  A dread lich (Zot:5)
  A juggernaut (Depths:3)
  3 royal mummies (Tomb:1)
  Vv (Crypt:1)
  9 Killer Klowns
  Parghit (Zot:2)
  A curse toe (Zot:2)
  Frederick (Vaults:3)
  Saint Roka (D:13)
  Geryon (Hell)
  The ghost of Tourr the Warrior, a veteran HuIE of Zin (Depths:1)
  7 golden dragons
  Jory (Depths:2)
  The ghost of Vailuoroe the Devastator, a veteran GrEE of Lugonu (Crypt:2)
  2 profane servitors
  2 bone dragons
  Arachne (Spider:2)
  4 Tzitzimimeh (Pan)
  A Brimstone Fiend (Pan)
  3 electric golems
  Jorgrun (D:10)
  A shard shrike zombie (Crypt:1)
  6 pandemonium lords
  21 tentacled monstrosities
  2 hellephants
  A walking crystal tome (Depths:3)
  Asterion (Spider:4)
  Zenata (Crypt:2)
  2 Hell Sentinels
  9 liches
  2 walking earthen tomes (Depths:3)
  3 Ice Fiends
  13 titans
  3 deep elf blademasters
  4 quicksilver dragons
  A walking frostbound tome (Depths:4)
  15 acid blobs
  26 Orb Guardians
  An eldritch tentacle (Pan)
  3 tentacled starspawn (Abyss:3)
  9 Executioners (Pan)
  7 death cobs
  Frances (Swamp:2)
  9 ancient champions
  6 tengu reavers
  2 thorn hunters (Swamp:4)
  Kirke (Spider:4)
  22 sphinxes
  Donald (Vaults:3)
  Gastronok (Orc:1)
  The ghost of Otyfaod the Tortoise, an adept GrFi of Trog (D:15)
  21 storm dragons
  2 revenants
  3 demonspawn warmongers (Pan)
  7 draconian monks
  7 azure jellies
  12 rockslimes
  8 frost giants
  14 shadow dragons
  3 draconian knights
  The ghost of avis the Basher, a journeyman NaWr of Gozag (Depths:1)
  8 fire giants
  28 balrugs
  8 emperor scorpions
  8 deep elf sorcerers
  5 iron dragons
  The ghost of Chudface the Imperceptible, an adept KoBr of Wu Jian (Depths:1)
  17 vault wardens
  2 angels
  13 ghost moths
  Louise (Swamp:1)
  A juggernaut zombie (Crypt:2)
  12 ghouls
  A broodmother (Spider:3)
  6 draconian scorchers
  A caustic shrike zombie (Crypt:3)
  A curse skull (Crypt:3)
  4 deep elf elementalists (Elf:3)
  Aizul (Vaults:4)
  8 quicksilver oozes
  8 draconian annihilators
  5 draconian shifters
  8 war gargoyles
  2 demonspawn blood saints (Pan)
  A demonspawn corrupter (Pan)
  6 draconian stormcallers
  12 stone giants
  A quicksilver ooze (shapeshifter) (Elf:2)
  5 ironbound thunderhulks
  13 ironbound preservers
  10 reapers
  11 cacodemons (Pan)
  6 orc warlords
  23 very ugly things
  4 spriggan defenders (Depths:3)
  7 red draconians
  17 vampire knights
  9 deep elf annihilators
  3 eleionomae
  15 green draconians
  7 deep elf demonologists
  10 black draconians
  3 demonspawn black suns (Pan)
  15 yellow draconians
  7 dire elephants
  6 spark wasps
  12 white draconians
  8 purple draconians
  4 bunyips
  13 lorocyprocas
  A minotaur (Gauntlet)
  16 green deaths (Pan)
  24 blizzard demons
  12 eidola
  9 ettins
  5 mummy priests (Tomb:1)
  2 crystal guardians (Vaults:1)
  7 deep elf high priests
  8 deep elf death magi
  7 yaktaur captains
  10 jiangshi
  4 fire dragons
  A kraken zombie (Hell)
  8 great orbs of eyes
  An ice dragon (shapeshifter) (Vaults:2)
  14 hydras
  6 spriggan air magi
  A peacekeeper (Vaults:1)
  6 entropy weavers
  5 rakshasas
  9 ice dragons
  3 hell beasts
  Harold (D:11)
  A hydra (shapeshifter) (Vaults:5)
  5 catoblepae
  2 caustic shrike simulacra (IceCv)
  2 ghost crabs
  7 ironbound frosthearts
  31 vault guards
  2 jorogumos
  A bennu zombie (Crypt:2)
  A death knight (Crypt:3)
  6 radroaches
  12 boulder beetles
  3 ogre magi
  5 alligators
  8 centaur warriors
  11 two-headed ogres
  21 dancing weapons
  9 deep troll earth magi
  15 death scarabs (Tomb:1)
  A death yak (shapeshifter) (Vaults:5)
  7 tengu warriors
  3 deep troll shamans
  15 death yaks
  9 vampire magi
  3 hell hogs
  An orc high priest (Orc:2)
  2 spriggan berserkers (Depths:4)
  6 thrashing horrors (Abyss:3)
  12 deep elf knights
  80 sun demons
  20 soul eaters
  A storm dragon zombie (Vaults:5)
  Nergalle (D:11)
  A spatial maelstrom (Abyss:3)
  A wretched star (Abyss:3)
  8 hell knights
  21 sixfirhies (Pan)
  2 skysharks (Lair:5)
  3 pharaoh ants (Spider:2)
  15 shadow wraiths
  3 titan skeletons
  A fire crab (Lair:5)
  An iron giant zombie (Hell)
  2 iron trolls
  12 skeletal warriors
  6 goliath frogs
  2 spark wasp zombies
  30 deep trolls
  3 swamp dragons
  A sun moth (Spider:4)
  9 lindwurms
  An anaconda zombie (Hell)
  11 glowing orange brains
  9 orb spiders
  A bunyip zombie (Hell)
  6 wizards
  9 flayed ghosts
  9 bog bodies
  An obsidian statue (IceCv)
  12 necromancers
  7 harpies
  A shadow demon (Pan)
  A goliath frog zombie (Crypt:3)
  7 steelbarb worms
  An iron giant skeleton (Tomb:1)
  7 spriggan simulacra
  An orange crystal statue (Vaults:2)
  2 anaconda skeletons (Hell)
  A jorogumo zombie (Crypt:3)
  9 deep elf archers
  32 deep elf pyromancers
  34 deep elf zephyrmancers
  20 orc knights
  17 phantasmal warriors
  2 spriggan druids
  A sphinx zombie (D:15)
  14 ironbound convokers
  3 frost giant zombies
  4 orc sorcerers
  21 wolf spiders
  A fire giant zombie (Vaults:5)
  A wolf spider (shapeshifter) (Depths:3)
  6 manticores (Elf:3)
  8 will-o-the-wisps
  2 salamanders (Depths:4)
  A stone giant zombie (Crypt:1)
  36 ugly things
  A worldbinder (Abyss:3)
  A goliath frog skeleton (Crypt:3)
  6 shining eyes
  A stone giant skeleton (Crypt:2)
  2 cyclopes
  17 elephants
  An iron dragon skeleton (Depths:1)
  A salamander (shapeshifter) (Vaults:5)
  2 eyes of devastation
  39 moths of wrath
  23 vault sentinels
  3 fire giant skeletons
  An ice statue (Hell)
  12 rust devils
  8 black mambas
  19 demonic crawlers
  53 smoke demons
  19 orange demons
  2 molten gargoyles (Hell)
  2 apocalypse crabs
  A frost giant skeleton (Vaults:1)
  A centaur skeleton (Hell)
  A shock serpent skeleton (Crypt:1)
  5 gargoyles
  3 spriggan zombies
  3 torpor snails
  A sea snake zombie (Hell)
  9 cane toads
  4 unseen horrors
  6 rime drakes
  11 komodo dragons
  A kobold demonologist (D:12)
  2 dire elephant skeletons
  7 tengu conjurers
  6 hellions
  An orb spider zombie (Crypt:2)
  26 yaktaurs
  A white draconian skeleton (Crypt:2)
  4 anaconda simulacra
  8 efreet
  21 freezing wraiths
  A tormentor (Pan)
  A hydra zombie (Hell)
  5 guardian mummies
  3 trolls
  A red devil (Hell)
  4 ice devils
  A sea snake skeleton (Hell)
  2 human skeletons
  4 golden dragon simulacra
  A merfolk (shapeshifter) (Depths:4)
  46 hellwings
  13 blink frogs
  A black draconian skeleton (Crypt:2)
  15 meliai
  5 polar bears
  16 wind drakes (Pan)
  27 tarantellas
  6 tyrant leeches
  A tyrant leech (shapeshifter) (D:12)
  A tarantella (shapeshifter) (Elf:3)
  17 hornets
  A raiju (Abyss:3)
  2 hydra skeletons
  6 dream sheep (Lair:5)
  A harpy skeleton (Crypt:1)
  A tarantella zombie (Crypt:2)
  67 slime creatures
  2 alligator zombies (Hell)
  2 stone giant simulacra
  22 jumping spiders
  11 flying skulls
  3 air elementals
  18 ynoxinuls
  4 vampires
  63 yaks
  19 water elementals
  30 culicivoras
  A centaur simulacrum (Hell)
  A shadow (Abyss:3)
  2 spriggan skeletons
  20 spriggans
  2 hogs (Spider:4)
  16 starcursed masses (Abyss:3)
  6 fire elementals
  9 wraiths
  9 wyverns
  10 dire elephant simulacra
  A naga simulacrum (Hell)
  5 humans
  An elf simulacrum (Vaults:5)
  A hog (shapeshifter) (D:14)
  6 golden eyes (Slime:1)
  10 ushabtiu (Tomb:1)
  2 basilisks
  25 neqoxecs
  A human (shapeshifter) (Vaults:4)
  19 vampire mosquitoes
  54 redbacks
  A steam dragon (D:9)
  21 chaos spawn
  5 swamp worm simulacra (Swamp:4)
  3 harpy simulacra (IceCv)
  22 large abominations
  12 swamp worms
  11 wargs
  4 acid dragons
  8 spatial vortices (Abyss:3)
  7 hell hounds
  An ogre skeleton (Vaults:1)
  22 water moccasins
  16 hydra simulacra (Swamp:4)
  A swamp worm (shapeshifter) (Depths:3)
  A cane toad zombie (Crypt:1)
  A naga skeleton (Crypt:2)
  3 floating eyes
  A swamp drake (Swamp:2)
  2 alligator simulacra (IceCv)
  A tengu skeleton (Depths:1)
  60 orc warriors
  2 sky beasts
  A sky beast (shapeshifter) (Depths:3)
  2 black mamba simulacra (Lair:3)
  3 black bears
  A torpor snail zombie (Crypt:3)
  4 ogres
  3 boggarts (Lair:5)
  An ettin simulacrum (IceCv)
  21 wolves
  A snapping turtle skeleton (Crypt:2)
  16 centaurs
  13 small abominations
  A hog zombie (Crypt:1)
  A phantom (D:6)
  A human zombie (Vaults:5)
  16 bullfrogs
  3 kobold brigands
  A gnoll sergeant (D:12)
  5 necrophages
  5 scorpions
  4 earth elementals
  2 deep troll simulacra (IceCv)
  A glowing shapeshifter simulacrum (Vaults:1)
  9 wights
  2 blink frog simulacra (Lair:3)
  3 lindwurm simulacra (IceCv)
  A swamp dragon simulacrum (Crypt:2)
  A water moccasin skeleton (Crypt:3)
  8 killer bees (D:9)
  8 howler monkeys
  A vampire bat (D:4)
  5 electric eels
  A wolf skeleton (Crypt:1)
  A quasit (Abyss:3)
  2 iron imps
  A jelly (D:7)
  18 orc priests
  A hound (D:5)
  3 sleepcaps (D:3)
  Jessica (D:2)
  4 iguanas
  22 orc wizards
  8 hell rats
  A polar bear simulacrum (Lair:3)
  2 naga zombies
  A basilisk simulacrum (Lair:3)
  21 mummies
  16 gnolls
  5 adders
  3 shadow imps
  A white imp (Abyss:3)
  An ufetubus (Vaults:4)
  3 swamp drake simulacra (Swamp:4)
  An adder zombie (Crypt:1)
  A lava snake zombie (Crypt:3)
  2 worms (D:3)
  3 dart slugs
  4 fire bats
  96 orcs
  2 spectral bats (D:4)
  13 bats
  3 bat skeletons (D:4)
  A bat zombie (D:4)
  8 endoplasms
  A giant cockroach (shapeshifter) (Vaults:2)
  2 giant cockroaches
  12 goblins
  14 hobgoblins
  3 jackals (D:3)
  3 quokkas
  5 ball pythons
  A bat simulacrum (D:4)
  3 frilled lizards
  A jackal skeleton (Crypt:3)
  36 kobolds
  A kobold zombie (Crypt:1)
  12 rats
  A rat skeleton (Crypt:1)
  5 spectral weapons
  2 starspawn tentacles (Abyss:3)
3227 creatures vanquished.

Vanquished Creatures (others)
  A lich (Depths:3)
  An ancient champion (Crypt:3)
  A fire giant (Vaults:5)
  A hydra (Swamp:2)
  An alligator (Swamp:1)
  2 deep elf knights (Elf:3)
  A swamp dragon (Swamp:4)
  A deep elf pyromancer (Elf:3)
  A deep elf zephyrmancer (Elf:1)
  A will-o-the-wisp (Swamp:2)
  3 bloated husks (Swamp:2)
  A spriggan (Swamp:2)
  A water elemental (Elf:1)
  A swamp worm (Swamp:4)
  A swamp drake (Swamp:1)
  An orc warrior (Vaults:1)
  3 ball lightnings (Pan)
  36 foxfires
  58 fungi
  66 plants
  4 starspawn tentacles (Abyss:3)
  4 tentacles (Hell)
  8 withered plants
198 creatures vanquished.

Grand Total: 3425 creatures vanquished

Notes
Turn   | Place    | Note
-------+----------+-------------------------------------------
     0 | D:1      | ragingrage the Tengu Fighter began the quest for the Orb.
     0 | D:1      | Reached XP level 1. HP: 14/14 MP: 2/2
   114 | D:1      | Reached skill level 1 in Stealth
   114 | D:1      | Reached XP level 2. HP: 9/19 MP: 3/3
   369 | D:1      | Reached XP level 3. HP: 16/20 MP: 4/4
   790 | D:2      | Reached skill level 1 in Short Blades
   935 | D:2      | Noticed Jessica
   950 | D:2      | Killed Jessica
   951 | D:2      | Reached XP level 4. HP: 13/28 MP: 5/5
  1346 | D:2      | Found Nagukh's Assorted Antiques.
  1355 | D:2      | Bought a purple potion for 18 gold pieces
  1355 | D:2      | Bought a scroll labelled SURINNIESI for 21 gold pieces
  1355 | D:2      | Bought a lumpy inky potion for 18 gold pieces
  1462 | D:2      | Gained mutation: Your magical nature lets you fly swiftly
                  | and evasively. [Tengu growth]
  1462 | D:2      | Reached XP level 5. HP: 32/32 MP: 6/6
  1741 | D:3      | Found an iron altar of Okawaru.
  1772 | D:3      | Became a worshipper of Warmaster Okawaru
  1963 | D:3      | Found a broken altar of Ashenzari.
  2041 | D:3      | Reached skill level 5 in Short Blades
  2043 | D:3      | Reached XP level 6. HP: 37/37 MP: 7/7
  2475 | D:4      | Found a sparkling altar of Nemelex Xobeh.
  2562 | D:4      | Identified the +5 ring mail "Udanoytu" {rC- Str+3 Int+2}
  2883 | D:4      | Reached * piety under Okawaru
  2902 | D:4      | Reached XP level 7. HP: 38/41 MP: 8/8
  3056 | D:4      | Found a glowing silver altar of Zin.
  3160 | D:5      | Entered Level 5 of the Dungeon
  3484 | D:5      | Noticed a yak
  3487 | D:5      | Reached ** piety under Okawaru
  3496 | D:5      | Noticed a yak
  3498 | D:5      | Noticed a yak
  3498 | D:5      | Noticed a yak
  3502 | D:5      | Killed a yak
  3503 | D:5      | Reached XP level 8. HP: 46/46 MP: 9/9
  3509 | D:5      | Killed a yak
  3514 | D:5      | Killed a yak
  3515 | D:5      | Reached skill level 1 in Dodging
  3521 | D:5      | Killed a yak
  3521 | D:5      | Reached *** piety under Okawaru
  3522 | D:5      | Reached skill level 1 in Throwing
  3522 | D:5      | Reached skill level 1 in Invocations
  3642 | D:5      | Found a blossoming altar of Fedhas.
  3649 | D:5      | Found a stormy altar of Qazlal.
  3976 | D:6      | Reached XP level 9. HP: 47/52 MP: 11/11
  4005 | D:6      | Found a staircase to the Ecumenical Temple.
  4548 | D:7      | Identified the +1 robe of Dishonour {Int+4}
  4562 | D:7      | Noticed a torpor snail
  4569 | D:7      | Found a snail-covered altar of Cheibriados.
  4569 | D:7      | Noticed a torpor snail
  4571 | D:7      | Noticed a torpor snail
  4742 | D:7      | Identified the +0 ring mail of the Sacrificial Victim
                  | {Will++}
  4745 | D:7      | Reached **** piety under Okawaru
  4746 | D:7      | Reached skill level 5 in Armour
  5411 | D:8      | Reached skill level 5 in Fighting
  5424 | D:8      | Reached ***** piety under Okawaru
  5428 | D:8      | Reached XP level 10. HP: 53/59 MP: 13/13
  5436 | D:8      | Received a gift from Okawaru
  5450 | D:8      | Reached skill level 5 in Dodging
  5472 | D:8      | Found a staircase to the Lair.
  5536 | D:8      | Found a flagged portal.
  5545 | Bailey   | Entered a bailey
  5550 | Bailey   | Noticed an orc warlord
  5682 | Bailey   | Found a runed translucent gate.
  5696 | Bailey   | Found a runed translucent gate.
  5744 | Bailey   | Reached skill level 5 in Throwing
  5772 | Bailey   | Found a runed translucent gate.
  6078 | Bailey   | Killed an orc warlord
  6214 | D:8      | Reached XP level 11. HP: 68/68 MP: 15/15
  6455 | D:8      | Found an opulent altar of Gozag.
  6487 | D:8      | Found a hazy altar of Hepliaklqana.
  6666 | D:8      | Learned a level 3 spell: Mephitic Cloud
  6798 | D:10     | Entered Level 10 of the Dungeon
  6922 | D:10     | Reached skill level 1 in Air Magic
  6971 | D:9      | Reached skill level 1 in Conjurations
  6992 | D:9      | Reached skill level 1 in Poison Magic
  7291 | D:9      | Received a gift from Okawaru
  7566 | D:9      | Reached XP level 12. HP: 71/75 MP: 16/16
  7588 | D:9      | Found an ornate altar of the Wu Jian Council.
  7598 | D:9      | Identified the +0 plate armour of Poddatirch {*Slow rN+
                  | Will+} (Okawaru gifted it to you on level 9 of the Dungeon)
  7598 | D:9      | Received a gift from Okawaru
  7811 | D:10     | Noticed a two-headed ogre
  7829 | D:10     | Killed a two-headed ogre
  7993 | D:10     | Noticed a two-headed ogre
  7995 | D:10     | Found a staircase to the Orcish Mines.
  8021 | D:10     | Killed a two-headed ogre
  8261 | D:10     | Found Kyziorel's Elemental Accessories.
  8295 | D:10     | Found a shimmering blue altar of Sif Muna.
  8734 | Lair:1   | Entered Level 1 of the Lair of Beasts
  9055 | Lair:1   | Identified the +7 arbalest of Autumn {antimagic, +Blink
                  | rElec Str+3}
  9653 | Lair:2   | Reached skill level 5 in Long Blades
  9777 | Lair:2   | Noticed a five-headed hydra
  9852 | Lair:2   | Found a staircase to the Swamp.
  9962 | Lair:2   | Identified the +14 crystal plate armour "Cuxenlop" {rPois
                  | rF++ rN++}
 10427 | Lair:2   | Received a gift from Okawaru
 10428 | Lair:2   | Reached skill level 10 in Fighting
 10471 | Lair:2   | Noticed a five-headed hydra
 10492 | Lair:2   | Killed a five-headed hydra
 10582 | Lair:2   | Reached XP level 13. HP: 82/82 MP: 17/17
 10937 | Lair:3   | Found a hole to the Spider Nest.
 11003 | Lair:3   | Received a gift from Okawaru
 11008 | Lair:3   | Found a runed translucent gate.
 11012 | Lair:3   | Found a runed translucent gate.
 11035 | Lair:3   | Noticed Vacku Hude's ghost (journeyman HOFi)
 11037 | Lair:3   | Found the brooch of Shielding {Spirit SH+8}
 11080 | Lair:3   | Reached skill level 10 in Armour
 11567 | Lair:3   | Found a runed translucent gate.
 12016 | Lair:3   | Identified the +2 cloak "Gelom" {Fly Int+2}
 12064 | Lair:3   | Got the ring "Arhipn" {Fire rPois rN++ Int-5 SInv}
 12355 | Orc:1    | Entered Level 1 of the Orcish Mines
 12387 | Orc:1    | Noticed Gastronok
 12435 | Orc:1    | Killed Gastronok
 12525 | Orc:1    | Reached ****** piety under Okawaru
 12534 | Orc:1    | Reached skill level 10 in Long Blades
 12539 | Orc:1    | Received a gift from Okawaru
 12602 | Orc:1    | Received a gift from Okawaru
 12683 | Orc:1    | Noticed Jorgrun
 12966 | D:10     | Killed Jorgrun
 13001 | Orc:1    | Reached XP level 14. HP: 88/88 MP: 18/18
 13235 | Orc:1    | Found Tishrikoph's Assorted Antiques.
 13245 | Orc:1    | Bought a scroll labelled ETONO EL XABBOUX for 22 gold
                  | pieces
 13447 | Orc:2    | Entered Level 2 of the Orcish Mines
 13657 | Orc:2    | Noticed an orc warlord
 13700 | Orc:2    | Noticed an orc warlord
 13729 | Orc:2    | Identified the +5 plate armour "Regasodo" {rC++} (Okawaru
                  | gifted it to you on level 2 of the Orcish Mines)
 13729 | Orc:2    | Received a gift from Okawaru
 13780 | Orc:2    | Killed an orc warlord
 14060 | Orc:2    | Killed an orc warlord
 14576 | Orc:2    | Got the Catalogue of Anarchy
 14580 | Orc:2    | Identified the +2 leather armour "Migisurr" {rC+ Str-2
                  | Int+8 SInv}
 14807 | Orc:2    | Found Bithrept's Antique Armour Emporium.
 14883 | Orc:2    | Found Pimmih's Book Emporium.
 14909 | Orc:2    | Found Gymonil's General Store.
 14927 | Orc:2    | Found a staircase to the Elven Halls.
 15113 | Orc:2    | Found Ezaveh's Antique Weapon Emporium.
 15486 | D:11     | Noticed Nergalle
 15495 | D:11     | Killed Nergalle
 15660 | D:11     | Noticed Harold
 15670 | D:11     | Killed Harold
 16416 | D:12     | Identified the scarf of Guohit {harm, rN+ Will++} (Okawaru
                  | gifted it to you on level 12 of the Dungeon)
 16416 | D:12     | Received a gift from Okawaru
 16783 | D:12     | Learned a level 4 spell: Manifold Assault
 16811 | D:12     | Found a runed translucent door.
 16951 | D:13     | Found a gate leading to a gauntlet.
 17007 | Gauntlet | Entered a Gauntlet
 17007 | Gauntlet | Found a transporter.
 17007 | Gauntlet | Found a transporter.
 17007 | Gauntlet | Found a transporter.
 17051 | Gauntlet | Found a transporter.
 17053 | Gauntlet | Found a transporter.
 17061 | Gauntlet | Found a transporter.
 17064 | Gauntlet | Found a transporter.
 17083 | Gauntlet | Found a transporter.
 17092 | Gauntlet | Found a transporter.
 17112 | Gauntlet | Found a transporter.
 17114 | Gauntlet | Found a transporter.
 17128 | Gauntlet | Found a transporter.
 17384 | Gauntlet | Reached XP level 15. HP: 74/92 MP: 19/19
 17414 | Gauntlet | Identified the +2 pair of gloves "Loenile" {rN+ Dex+6}
 17498 | Gauntlet | Identified the +4 trident of Eternity {drain, rPois}
 17498 | Gauntlet | Identified the +9 plate armour of the Endless Expanse {Harm
                  | rElec Int+2 Stlth-}
 17537 | Gauntlet | Got the Writings on the Shocking Body
 17694 | D:13     | Identified the +9 flail "Seyser" {venom, rPois rF- rC+}
 17835 | D:13     | Reached skill level 15 in Armour
 17899 | D:13     | Found a gate to the Vaults.
 18513 | D:13     | Reached skill level 15 in Long Blades
 18638 | D:13     | Found a gate to the Vaults.
 19392 | D:14     | Received a gift from Okawaru
 19907 | D:14     | Received a gift from Okawaru
 19980 | D:15     | Entered Level 15 of the Dungeon
 20033 | D:15     | Found a staircase to the Depths.
 20234 | D:15     | Found an ancient bone altar of Kikubaaqudgha.
 20335 | D:15     | Found a runed translucent gate.
 20335 | D:15     | Found a runed translucent gate.
 20335 | D:15     | Found a runed translucent gate.
 20340 | D:15     | Noticed Otyfaod's ghost (adept GrFi)
 20459 | D:15     | Reached XP level 16. HP: 97/97 MP: 20/20
 20491 | D:15     | Found a stormy altar of Qazlal.
 20512 | D:15     | Received a gift from Okawaru
 20778 | D:15     | Found Umulang's Distillery.
 21733 | Lair:5   | Entered Level 5 of the Lair of Beasts
 21741 | Lair:5   | Identified the +3 scale mail of the Eternal Fruit {rF-
                  | Int-3 Dex+6} (Okawaru gifted it to you on level 5 of the
                  | Lair of Beasts)
 21741 | Lair:5   | Received a gift from Okawaru
 22758 | Lair:5   | Identified the +0 chain mail of Cheibriados's Favour {rElec
                  | rF- Int+3 Slay+3}
 23283 | D:2      | Bought 2 potions of experience for 2100 gold pieces
 23285 | D:2      | Reached XP level 17. HP: 102/102 MP: 21/21
 23286 | D:2      | Reached XP level 18. HP: 108/108 MP: 22/22
 23462 | Lair:5   | Identified the +4 ring mail of Wrong Decisions {rN+ Str+2
                  | Int+3 Stlth+} (Okawaru gifted it to you on level 5 of the
                  | Lair of Beasts)
 23462 | Lair:5   | Received a gift from Okawaru
 23689 | Lair:5   | Found a staircase to the Slime Pits.
 23689 | Lair:5   | Found a viscous altar of Jiyva.
 23695 | Lair:5   | Identified the +9 sling "Vaabbamo" {heavy, Will+ rCorr}
 24400 | Swamp:1  | Entered Level 1 of the Swamp
 24612 | Swamp:1  | Noticed Louise
 24613 | Abyss:2  | Cast into level 2 of the Abyss (Louise)
 24615 | Abyss:2  | Found a corrupted altar of Lugonu.
 24621 | Swamp:1  | Escaped the Abyss
 24647 | Swamp:1  | Killed Louise
 24849 | Swamp:1  | Reached XP level 19. HP: 113/113 MP: 23/23
 25355 | Swamp:2  | Identified the +10 dagger of Ointment {heavy, Fragile rC+
                  | rN+ Int+4}
 25441 | Swamp:2  | Noticed Frances
 25452 | Swamp:2  | Killed Frances
 25680 | Swamp:3  | Noticed a tentacled monstrosity
 25689 | Swamp:3  | Killed a tentacled monstrosity
 26040 | Swamp:4  | Entered Level 4 of the Swamp
 26458 | Swamp:4  | Received a gift from Okawaru
 27179 | Swamp:4  | Got a decaying rune of Zot
 27689 | Spider:1 | Entered Level 1 of the Spider Nest
 28046 | Spider:1 | Reached skill level 10 in Throwing
 29230 | Spider:2 | Found a frozen archway.
 29235 | Spider:2 | Received a gift from Okawaru
 29255 | IceCv    | Entered an ice cave
 29517 | IceCv    | Found the +4 skin of Zhor {*Englaciate rC+++ SInv}
 29545 | IceCv    | Found an ancient bone altar of Kikubaaqudgha.
 30576 | Spider:2 | Noticed Arachne
 30584 | Spider:2 | Paralysed by a jorogumo for 2 turns
 30590 | Spider:2 | Reached XP level 20. HP: 101/124 MP: 24/24
 30597 | Spider:2 | Killed Arachne
 30694 | Spider:2 | Received a gift from Okawaru
 30919 | Spider:2 | Received a gift from Okawaru
 32799 | Spider:3 | Learned a level 2 spell: Blink
 32849 | Spider:4 | Entered Level 4 of the Spider Nest
 33144 | Spider:4 | Noticed Kirke
 33156 | Spider:4 | Killed Kirke
 33157 | Spider:4 | Reached skill level 1 in Translocations
 33947 | Spider:4 | Identified the +1 scale mail of Shielding {rN+ Dex-5
                  | Stlth+}
 35030 | Spider:4 | Noticed Asterion
 35077 | Spider:4 | Killed Asterion
 35241 | Spider:4 | Received a gift from Okawaru
 35311 | Spider:4 | Got a gossamer rune of Zot
 36188 | Vaults:1 | Entered Level 1 of the Vaults
 36305 | Vaults:1 | Noticed Saint Roka
 36681 | D:13     | Killed Saint Roka
 36876 | Vaults:1 | Reached XP level 21. HP: 127/132 MP: 25/25
 37174 | Vaults:1 | Reached skill level 5 in Translocations
 37590 | Vaults:1 | Received a gift from Okawaru
 37980 | Vaults:2 | Reached skill level 15 in Fighting
 38258 | Vaults:2 | Received a gift from Okawaru
 38960 | Vaults:2 | Found a transporter.
 38972 | Vaults:2 | Found a transporter.
 39603 | Vaults:3 | Noticed Aizul
 40128 | Vaults:4 | Received a gift from Okawaru
 41173 | Vaults:4 | Killed Aizul
 41280 | Vaults:3 | Found a staircase to the Crypt.
 41425 | Vaults:3 | Reached XP level 22. HP: 140/140 MP: 26/26
 41502 | Vaults:3 | Received a gift from Okawaru
 41508 | Vaults:3 | Noticed Donald
 41527 | Vaults:3 | Killed Donald
 41997 | Vaults:3 | Noticed Frederick
 42025 | Vaults:3 | Killed Frederick
 43154 | Elf:1    | Entered Level 1 of the Elven Halls
 43523 | Elf:1    | Found Siviney's Assorted Antiques.
 43523 | Elf:1    | Found Acifawyc's Magic Scroll Shoppe.
 43527 | Elf:1    | Received a gift from Okawaru
 43530 | Elf:1    | Found Gyca's Armour Shoppe.
 43531 | Elf:1    | Found Erhaorip's Jewellery Emporium.
 43718 | Elf:1    | Bought a scroll labelled CUTRYI BAKLAHAJA for 24 gold
                  | pieces
 43739 | Elf:1    | Found an ancient bone altar of Kikubaaqudgha.
 43909 | Elf:1    | Bought a ring of the Octopus King {rC+ HP+2 AC+2 EV+2 SH+2}
                  | for 982 gold pieces
 43909 | Elf:1    | Found the ring of the Octopus King {rC+ HP+2 AC+2 EV+2
                  | SH+2}
 44009 | Elf:1    | Identified the +9 plate armour "Zaim" {Str+3 Int+2}
                  | (Okawaru gifted it to you on level 1 of the Elven Halls)
 44009 | Elf:1    | Received a gift from Okawaru
 44012 | Elf:1    | Reached skill level 10 in Dodging
 44649 | Elf:1    | Got Asmodeus's Secrets of Combat Magic and Rallying
 44771 | Elf:2    | Reached skill level 5 in Invocations
 45130 | Elf:2    | Paralysed by an air elemental for 1 turns
 45320 | Elf:2    | Paralysed by an air elemental for 1 turns
 45346 | Elf:2    | Found Wiyjull's Antique Armour Boutique.
 45565 | Elf:2    | Found a runed translucent door.
 45595 | Elf:2    | Found a runed translucent door.
 45714 | Elf:3    | Entered Level 3 of the Elven Halls
 46995 | Elf:3    | Reached skill level 10 in Translocations
 47013 | Elf:3    | Received a gift from Okawaru
 47277 | Elf:3    | Reached XP level 23. HP: 144/144 MP: 29/29
 47689 | Elf:3    | Received a gift from Okawaru
 47945 | Elf:3    | Identified the +0 dagger "Bexzotug" {venom, rCorr Dex+4}
 47973 | Elf:3    | Identified the ring "Vautsu" {Will+ Dex+4}
 48031 | Elf:3    | Got the Catalogue of Frigid Sinister Liturgies
 48050 | Elf:3    | Identified the ring "Sysesona" {Wiz Int+3}
 48064 | Elf:3    | Identified the amulet "Cugeasocw" {rN+ Regen+ Int+2 Dex-4}
 48099 | Elf:3    | Identified the staff of death "Odyarghenann" {rPois rN+
                  | Int+3 Dex+3}
 48138 | Elf:3    | Identified the +1 cloak "Mourinik" {Dex+2}
 48190 | Elf:3    | Identified the +1 troll leather armour of the True Pharaoh
                  | {Regen+ Slay+5}
 48353 | Elf:3    | Acquired 817 gold pieces
 48681 | Depths:1 | Entered Level 1 of the Depths
 48786 | Depths:1 | Reached skill level 1 in Spellcasting
 48825 | Depths:1 | Found a gateway to Hell.
 49010 | Depths:1 | Received a gift from Okawaru
 49297 | Depths:1 | Found a runed translucent gate.
 49297 | Depths:1 | Found a runed translucent gate.
 49299 | Depths:1 | Found a runed translucent gate.
 49302 | Depths:1 | Noticed Chudface's ghost (adept KoBr)
 49302 | Depths:1 | Noticed avis's ghost (journeyman NaWr)
 49302 | Depths:1 | Noticed Tourr's ghost (veteran HuIE)
 49418 | Depths:1 | Learned a level 2 spell: Wereblood
 49814 | Depths:1 | Found a glowing golden altar of the Shining One.
 50113 | Depths:2 | Found a corrupted altar of Lugonu.
 50113 | Depths:2 | Found a one-way gate to the infinite horrors of the Abyss.
 50166 | Depths:2 | Reached skill level 1 in Transmutations
 50359 | Depths:2 | Found a one-way gateway to a ziggurat.
 50624 | Depths:2 | Received a gift from Okawaru
 50721 | Depths:2 | Noticed Jory
 50734 | Depths:2 | Killed Jory
 50734 | Depths:2 | Paralysed by a vampire knight for 2 turns
 50823 | Depths:2 | Received a gift from Okawaru
 51278 | Depths:2 | Reached XP level 24. HP: 150/150 MP: 30/30
 51299 | Depths:2 | Found a one-way gate leading to the halls of Pandemonium.
 51302 | Depths:2 | Gained mutation: You are clumsy. (Dex -2) [a neqoxec]
 51303 | Depths:2 | Received a gift from Okawaru
 51831 | Depths:2 | Identified the +0 pair of boots "Ynuosu" {rF++ rN+}
 52171 | Depths:3 | Received a gift from Okawaru
 52426 | Depths:3 | Reached skill level 5 in Transmutations
 53263 | Depths:3 | Identified the ring of the Shrinking King {+Blink rN+ Dex+4
                  | SInv Stlth+}
 53557 | Depths:3 | Identified the +10 lajatang of Death's Door {chaos, Will+}
 53612 | Depths:3 | Identified the +9 lajatang "Brush" {venom, Dex+3} (Okawaru
                  | gifted it to you on level 3 of the Depths)
 53612 | Depths:3 | Received a gift from Okawaru
 54151 | Depths:3 | Noticed a juggernaut
 54166 | Depths:3 | Killed a juggernaut
 54745 | Depths:3 | Identified the +8 triple crossbow of Death {heavy, rF++
                  | Dex+5}
 54752 | Depths:3 | Received a gift from Okawaru
 54931 | Depths:3 | Identified the staff of poison "Qitwucuo" {rPois rC+ Dex+3}
 55256 | Depths:4 | Entered Level 4 of the Depths
 55568 | Depths:4 | Received a gift from Okawaru
 55908 | Depths:4 | Received a gift from Okawaru
 56707 | Depths:4 | Identified the +1 pair of gloves "Ysyuryox" {Slay+2 Stlth+}
                  | (Okawaru gifted it to you on level 4 of the Depths)
 56707 | Depths:4 | Received a gift from Okawaru
 56949 | Depths:4 | Found a gate to the Realm of Zot.
 56957 | Depths:4 | Reached XP level 25. HP: 116/156 MP: 16/31
 57313 | Crypt:1  | Entered Level 1 of the Crypt
 57487 | Crypt:1  | Reached skill level 5 in Spellcasting
 57991 | Crypt:1  | Noticed Vv
 58008 | Crypt:1  | Killed Vv
 58439 | Crypt:2  | Found a runed translucent door.
 58440 | Crypt:2  | Found a shimmering altar of Xom.
 58440 | Crypt:2  | Noticed Vailuoroe's ghost (veteran GrEE)
 58528 | Crypt:2  | Noticed Zenata
 58537 | Crypt:2  | Killed Zenata
 58538 | Crypt:2  | Reached skill level 10 in Evocations
 59253 | Crypt:3  | Entered Level 3 of the Crypt
 59614 | Crypt:3  | Identified the +6 shortbow of Purpose {heavy, *Corrode
                  | Will+ Stlth+}
 59937 | Crypt:3  | Identified the staff of poison "Tigiomp" {+Blink rPois SInv
                  | Stlth-}
 60255 | Crypt:3  | Found a staircase to the Tomb.
 60405 | Crypt:3  | Received a gift from Okawaru
 61134 | Crypt:3  | Found an ancient bone altar of Kikubaaqudgha.
 61138 | Crypt:3  | Found a basalt altar of Yredelemnul.
 61157 | Crypt:3  | Identified the ring of Quemod {Contam rElec rC+ Will+ MP+9}
 61203 | Crypt:3  | Identified the ring "Emeqa" {rN+ Slay+3 SInv}
 61203 | Crypt:3  | Identified the ring "Keadyemil" {Drain rF+ rN+ Stlth+}
 61203 | Crypt:3  | Identified the ring "Puilegye" {rPois rC- rN+ rCorr Int-2}
 61216 | Crypt:3  | Identified the staff of cold "Jotuclo" {rC+ Will+ MP+9}
 61326 | Crypt:3  | Received a gift from Okawaru
 62194 | Slime:1  | Entered Level 1 of the Pits of Slime
 63480 | Slime:4  | Gained mutation: You passively map a small area around you.
                  | [a shining eye]
 63761 | Slime:5  | Entered Level 5 of the Pits of Slime
 63784 | Slime:5  | Identified the +9 storm dragon scales of a sewer {rElec rC+
                  | Regen+ Slay-5 Stlth+} (Okawaru gifted it to you on level 5
                  | of the Pits of Slime)
 63784 | Slime:5  | Received a gift from Okawaru
 63785 | Slime:5  | Gained mutation: Armour fits poorly on your strangely
                  | shaped body. [a shining eye]
 63803 | Slime:5  | Noticed the Royal Jelly
 63923 | Slime:5  | Gained mutation: You are vulnerable to heat. (rF-) [a
                  | shining eye]
 63964 | Slime:5  | Killed the Royal Jelly
 63965 | Slime:5  | Reached XP level 26. HP: 158/164 MP: 33/33
 63983 | Slime:5  | Gained mutation: You are somewhat resistant to further
                  | mutation. [a shining eye]
 64321 | Slime:5  | Identified the staff of air "Xynon" {rElec rPois rF- Will-
                  | MP+9}
 64347 | Slime:5  | Identified the ring "Hozovaci" {Drain Fly Will++ Int+6}
 64374 | Slime:5  | Got Sif Muna's Enchiridion on the Ill-fated Legion
 64376 | Slime:5  | Got a slimy rune of Zot
 64377 | Slime:5  | Identified the +3 scimitar of Proximity {drain, rElec Str+4
                  | Int+3}
 64390 | Slime:5  | Identified the staff of fire "Qatwiheykh" {rPois rF+ Will+
                  | Str+3}
 64932 | Vaults:5 | Entered Level 5 of the Vaults
 64994 | Vaults:5 | Identified the +7 sling of the Tundras {freeze, MP+9 Dex+4}
 65044 | Vaults:5 | Identified the ring of the Invisible Hand {rElec rC+ EV+5
                  | Str+3 Dex-2}
 65104 | Vaults:5 | Reached skill level 15 in Dodging
 65888 | Vaults:5 | Identified the ring "Tusabufek" {rF+ Str+2 Int+6}
 65930 | Vaults:5 | Identified the +2 pair of gloves of Pan-Flutes {Str+5}
                  | (Okawaru gifted it to you on level 5 of the Vaults)
 65930 | Vaults:5 | Received a gift from Okawaru
 66197 | Vaults:5 | Noticed an ancient lich
 66205 | Vaults:5 | Killed an ancient lich
 66320 | Vaults:5 | Identified the staff of earth "Corarphydgh" {rElec rCorr
                  | Str-5 Dex+5}
 66481 | Vaults:5 | Found Juamab's Weapon Emporium.
 66489 | Vaults:5 | Identified the +2 cloak of Abstinence {*Corrode +Inv
                  | Will++}
 67093 | Vaults:5 | Got a silver rune of Zot
 67133 | Vaults:5 | Identified the +2 scimitar of Noxious Purpose {antimagic,
                  | Fragile Int+8}
 67476 | Vaults:5 | Identified the +1 helmet "Atosy" {Int+3}
 68003 | D:10     | Bought a tin of tremorstones (2/2) for 680 gold pieces
 68229 | Zot:1    | Entered Level 1 of the Realm of Zot
 68459 | Zot:1    | Received a gift from Okawaru
 68724 | Zot:1    | Reached XP level 27. HP: 177/177 MP: 33/33
 68949 | Zot:1    | You are sucked into a shaft and drop 1 floor!
 68982 | Zot:2    | Received a gift from Okawaru
 69471 | Zot:2    | Identified the +12 morningstar "Undertaker" {pain, Dex+3}
 69539 | Zot:2    | Identified the +7 dagger "Asseop" {venom, Will+}
 69584 | Zot:2    | Noticed a dread lich
 69615 | Zot:2    | Noticed Parghit
 69618 | Zot:2    | Killed Parghit
 70229 | Zot:2    | Acquired 617 gold pieces
 70419 | Zot:2    | Found a radiant altar of Vehumet.
 70419 | Zot:2    | Noticed an ancient lich
 70423 | Zot:2    | Found a transporter.
 71846 | Zot:3    | Identified the +2 pair of gloves of Okawaru's Regard {+Inv
                  | rCorr} (Okawaru gifted it to you on level 3 of the Realm of
                  | Zot)
 71846 | Zot:3    | Received a gift from Okawaru
 73015 | Zot:3    | Reached skill level 15 in Translocations
 75503 | Zot:4    | Reached skill level 10 in Invocations
 75511 | Zot:4    | Received a gift from Okawaru
 76219 | Zot:5    | Entered Level 5 of the Realm of Zot
 76897 | Zot:5    | Noticed a dread lich
 76901 | Zot:5    | Killed a dread lich
 76987 | Zot:5    | Received a gift from Okawaru
 77127 | Zot:5    | Noticed an orb of fire
 77131 | Zot:5    | Noticed an ancient lich
 77133 | Zot:5    | Noticed an orb of fire
 77143 | Zot:5    | Gained mutation: You occasionally shout uncontrollably at
                  | your foes. [an orb of fire]
 77144 | Zot:5    | Killed an orb of fire
 77146 | Zot:5    | Killed an orb of fire
 77155 | Zot:5    | Noticed an orb of fire
 77166 | Zot:5    | Reached skill level 15 in Evocations
 77167 | Zot:5    | Killed an ancient lich
 77167 | Zot:5    | Received a gift from Okawaru
 77502 | Zot:5    | Found a transporter.
 79186 | Zot:5    | Killed an orb of fire
 79799 | Tomb:1   | Entered Level 1 of the Tomb of the Ancients
 79996 | Tomb:1   | Identified the +1 helmet of the Narrow Ant {*Slow rPois
                  | Will++ MP+9}
 80337 | Tomb:1   | Learned a level 3 spell: Vhi's Electric Charge
 80620 | Tomb:1   | Acquired a manual of Shields
 80690 | Tomb:1   | Reached skill level 5 in Air Magic
 80835 | Tomb:1   | Noticed a royal mummy
 80838 | Tomb:1   | Killed a royal mummy
 80838 | Tomb:1   | Identified the +0 buckler of Siyzom {rCorr Int+3} (Okawaru
                  | gifted it to you on level 1 of the Tomb of the Ancients)
 80838 | Tomb:1   | Received a gift from Okawaru
 81396 | Elf:3    | Acquired a manual of Transmutations
 82010 | Tomb:1   | Noticed a royal mummy
 82014 | Tomb:1   | Killed a royal mummy
 82066 | Tomb:1   | Noticed a royal mummy
 82070 | Tomb:1   | Killed a royal mummy
 82289 | Tomb:1   | Identified the staff of cold "Ryohoss" {rElec rPois rC+
                  | Will- Str+7}
 83260 | Hell     | Entered the Vestibule of Hell
 83260 | Hell     | Noticed Geryon
 83592 | Hell     | Killed Geryon
 83902 | Hell     | Reached skill level 10 in Transmutations
 84056 | Hell     | Learned a level 5 spell: Irradiate
 84062 | Hell     | Found a gateway to the ashen valley of Gehenna.
 84322 | Hell     | Found a gateway to the Iron City of Dis.
 84619 | Hell     | Reached skill level 5 in Conjurations
 84811 | Hell     | Found a gateway to the freezing wastes of Cocytus.
 85298 | Hell     | Found a gateway to the decaying netherworld of Tartarus.
 85578 | Depths:3 | Voluntarily entered the Abyss.
 85601 | Depths:3 | Escaped the Abyss
 86251 | Depths:2 | Voluntarily entered the Abyss.
 86260 | Abyss:2  | Found a corrupted altar of Lugonu.
 86292 | Abyss:2  | Found a bloodstained altar of Trog.
 86308 | Abyss:2  | Received a gift from Okawaru
 86402 | Abyss:3  | Found a corrupted altar of Lugonu.
 86416 | Abyss:3  | Found a corrupted altar of Lugonu.
 86433 | Abyss:3  | Got an abyssal rune of Zot
 86565 | Abyss:3  | Found a corrupted altar of Lugonu.
 86591 | Abyss:3  | Identified the +10 demon blade "Licumefut" {vamp, Str+6}
                  | (Okawaru gifted it to you on level 3 of the Abyss)
 86591 | Abyss:3  | Received a gift from Okawaru
 86678 | Depths:2 | Escaped the Abyss
 86748 | Depths:2 | Lost mutation: You occasionally shout uncontrollably at
                  | your foes. [potion of mutation]
 86748 | Depths:2 | Lost mutation: You passively map a small area around you.
                  | [potion of mutation]
 86748 | Depths:2 | Lost mutation: You are clumsy. (Dex -2) [potion of
                  | mutation]
 86749 | Depths:2 | Lost mutation: You are somewhat resistant to further
                  | mutation. [potion of mutation]
 86749 | Depths:2 | Lost mutation: You are vulnerable to heat. (rF-) [potion of
                  | mutation]
 86749 | Depths:2 | Gained mutation: Your flesh is cold resistant. (rC+)
                  | [potion of mutation]
 86749 | Depths:2 | Gained mutation: You are weak. (Str -2) [potion of
                  | mutation]
 86750 | Depths:2 | Lost mutation: Armour fits poorly on your strangely shaped
                  | body. [potion of mutation]
 86750 | Depths:2 | Lost mutation: Your flesh is cold resistant. (rC+) [potion
                  | of mutation]
 86750 | Depths:2 | Lost mutation: You are weak. (Str -2) [potion of mutation]
 86750 | Depths:2 | Gained mutation: Your muscles are strong. (Str +4, Int/Dex
                  | -1) [potion of mutation]
 86896 | Depths:1 | Killed Tourr's ghost
 86900 | Depths:1 | Killed avis's ghost
 86901 | Depths:1 | Killed Chudface's ghost
 87000 | Depths:1 | Identified the ring "Wekhipn" {rC+ Dex+3 Slay+4}
 87384 | D:15     | Killed Otyfaod's ghost
 87951 | Crypt:2  | Killed Vailuoroe's ghost
 88175 | Vaults:2 | Identified the ring "Tief" {*Corrode rC+ AC+4 Str+3}
 88493 | Pan      | Entered Pandemonium
 88571 | Pan      | Noticed Liwaed the pandemonium lord
 88575 | Pan      | Killed Liwaed the pandemonium lord
 88702 | Pan      | Identified the +4 troll leather armour of Noughts and
                  | Crosses {rC+ Regen+ rCorr}
 88852 | Pan      | Noticed Peogas the pandemonium lord
 88857 | Pan      | Killed Peogas the pandemonium lord
 89164 | Pan      | Reached skill level 10 in Conjurations
 89316 | Pan      | Identified the +2 chain mail "Eheahaas" {Str+3 Dex+2 SInv}
                  | (Okawaru gifted it to you in Pandemonium)
 89316 | Pan      | Received a gift from Okawaru
 89406 | Pan      | Identified the +9 quarterstaff of Tomorrow {flame, *Slow
                  | rN+++ Int+3}
 89666 | Pan      | Gained mutation: You have hidden genetic defects. [a
                  | neqoxec]
 89667 | Pan      | Gained mutation: You have terrible hidden genetic defects.
                  | [a neqoxec]
 89670 | Pan      | Lost mutation: Your muscles are strong. (Str +4, Int/Dex
                  | -1) [potion of mutation]
 89670 | Pan      | Lost mutation: You have terrible hidden genetic defects.
                  | [potion of mutation]
 89670 | Pan      | Lost mutation: You have hidden genetic defects. [potion of
                  | mutation]
 89670 | Pan      | Gained mutation: You sometimes lose your temper in combat.
                  | [potion of mutation]
 89670 | Pan      | Gained mutation: You have an increased reservoir of magic.
                  | (+10% MP) [potion of mutation]
 89676 | Pan      | Lost mutation: You have an increased reservoir of magic.
                  | (+10% MP) [potion of mutation]
 89676 | Pan      | Lost mutation: You sometimes lose your temper in combat.
                  | [potion of mutation]
 89676 | Pan      | Gained mutation: You sometimes lose your temper in combat.
                  | [potion of mutation]
 89676 | Pan      | Gained mutation: Your mind is acute. (Int +4, Str/Dex -1)
                  | [potion of mutation]
 89676 | Pan      | Gained mutation: You have an uncontrollable temper. [potion
                  | of mutation]
 89679 | Pan      | Lost mutation: Your mind is acute. (Int +4, Str/Dex -1)
                  | [potion of mutation]
 89679 | Pan      | Lost mutation: You have an uncontrollable temper. [potion
                  | of mutation]
 89679 | Pan      | Gained mutation: You are somewhat resistant to further
                  | mutation. [potion of mutation]
 89680 | Pan      | Lost mutation: You are somewhat resistant to further
                  | mutation. [potion of mutation]
 89680 | Pan      | Lost mutation: You sometimes lose your temper in combat.
                  | [potion of mutation]
 89680 | Pan      | Gained mutation: You are robust. (+10% HP) [potion of
                  | mutation]
 89744 | Pan      | Noticed Lithru the pandemonium lord
 89755 | Pan      | Killed Lithru the pandemonium lord
 89920 | Pan      | Identified the +9 shortbow "Ufiemaon" {antimagic, +Blink}
 90039 | Pan      | Reached skill level 5 in Stealth
 90425 | Pan      | Entered the realm of Cerebov.
 90471 | Pan      | Found an exit through the horrors of the Abyss.
 90616 | Pan      | Noticed Ignacio
 90628 | Pan      | Killed Ignacio
 90691 | Pan      | Identified the +10 demon whip of Cocytus {drain, Drain rN+
                  | MP+9 Str+3}
 91825 | Pan      | Identified the +5 falchion of Huorr {heavy, rC+ Will+
                  | rCorr}
 91826 | Pan      | Received a gift from Okawaru
 92003 | Pan      | Found the +6 sword of Cerebov {flame}
 92003 | Pan      | Noticed Cerebov
 92022 | Pan      | Killed Cerebov
 92034 | Pan      | Identified the staff of earth "Dikhlet" {SInv}
 92132 | Pan      | Identified the +3 scale mail "Weacs" {-Tele Harm Str-4
                  | Int+6}
 92150 | Pan      | Got the Thoughts on the Translocational Black Widow
 92151 | Pan      | Identified the +1 pair of gloves of Vourui {Contam rN++
                  | Str+4}
 92178 | Pan      | Got the Enchiridion on Translocation and Hypothermia
 92195 | Pan      | Identified the +1 long sword "Lorem Ipsum" {heavy, rC+
                  | Int+4 Dex+2}
 92197 | Pan      | Identified the +3 cloak of Ruxzadiu {Rampage rC+ Int+3}
 92277 | Pan      | Got a fiery rune of Zot
 92395 | Pan      | Received a gift from Okawaru
 93065 | Pan      | Received a gift from Okawaru
 93418 | Pan      | Received a gift from Okawaru
 93818 | Pan      | Noticed Ycvem the pandemonium lord
 93831 | Pan      | Killed Ycvem the pandemonium lord
 94135 | Pan      | Noticed Myiritat the pandemonium lord
 94160 | Pan      | Killed Myiritat the pandemonium lord
 94661 | Pan      | Identified the +1 mace "ragingrage's Curse" {freeze, rPois
                  | Str+4 Int+5}
 94729 | Pan      | Identified the staff of conjuration "Gofoala" {rF+ Will-
                  | Stlth+}
 94743 | Pan      | Entered the realm of Mnoleg.
 94927 | Pan      | Gained mutation: You occasionally lose the ability to read
                  | scrolls when taking damage. [a cacodemon]
 95155 | Pan      | Noticed Mnoleg
 95168 | Pan      | Killed Mnoleg
 95196 | Pan      | Got a glowing rune of Zot
 95263 | Pan      | Entered the realm of Lom Lobon.
 95270 | Pan      | Lost mutation: You are robust. (+10% HP) [potion of
                  | mutation]
 95270 | Pan      | Lost mutation: You occasionally lose the ability to read
                  | scrolls when taking damage. [potion of mutation]
 95270 | Pan      | Gained mutation: You are partially covered in iridescent
                  | scales. (AC +2) [potion of mutation]
 95270 | Pan      | Gained mutation: You expend magic power (3 MP) to
                  | strengthen your wands. [potion of mutation]
 95278 | Pan      | Received a gift from Okawaru
 95282 | Pan      | Reached skill level 10 in Stealth
 95771 | Pan      | Reached skill level 15 in Conjurations
 95829 | Pan      | Found an exit through the horrors of the Abyss.
 96193 | Pan      | Received a gift from Okawaru
 96751 | Pan      | Received a gift from Okawaru
 97899 | Pan      | Noticed Lom Lobon
 97940 | Pan      | Killed Lom Lobon
 97955 | Pan      | Got a magical rune of Zot
 98257 | Pan      | Took an exit into the Abyss.
 98257 | Abyss:3  | Escaped into the Abyss
 98269 | Abyss:3  | Found a corrupted altar of Lugonu.
 98348 | Abyss:3  | Identified the scarf of the Orb Guardian {shadows, +Blink
                  | Dex+3} (Okawaru gifted it to you on level 3 of the Abyss)
 98348 | Abyss:3  | Received a gift from Okawaru
 98481 | Depths:2 | Escaped the Abyss
 98759 | Zot:5    | Got the Orb of Zot
 98794 | Zot:5    | Noticed Plog the pandemonium lord
 98807 | Zot:5    | Killed Plog the pandemonium lord
 99258 | D:$      | Escaped with the Orb!

Illustrated notes

Levels and vault maps discovered:
D:1:      eino_arrival_tree_alley, layout_rooms, grunt_decor_cap, minmay_cut_off
D:2:      layout_loops_corners, serial_shops, shop, minivault_14, uniq_jessica
D:3:      layout_loops_ring, okawaru_altar_gauntlet_db,
          mainiacjoe_overflow_chevrons, hellmonk_no_cap
D:4:      layout_cave_pools, nicolae_overflow_hidden_temple, goddamned_bats
D:5:      layout_loops_cross, grunt_temple_overflow_forces_of_nature,
          minmay_circle_x
D:6:      wander_river, layout_gridville, temple_statues
D:7:      layout_basic, cheibriados_altar_2, grunt_decor_mini_mirrors
D:8:      layout_loops_cross, mainiacjoe_overflow_cross_hatched,
          worldfamousw_hep_ancestral_shrine, minmay_lair_entry_grove,
          enter_bailey_3
D:9:      layout_basic, nzn_wu_jian_contemplation
D:10:     layout_gridville, general_overflow_altar, david_orc_2,
          nicolae_elemental_shop
D:11:     layout_gridville, kennysheep_generic_room_14, uniq_nergalle,
          uniq_harold
D:12:     layout_loops_ring, lightli_airlock
D:13:     layout_roguey, grunt_vaults_entry_fortified, gauntlet_entry_generic
D:14:     layout_roguey, minivault_4, nicolae_wwwww,
          chequers_serial_rivers_large_b, minmay_misc_feat_hallway,
          grunt_ministairs_2, grunt_tough_drop
D:15:     gammafunk_depths_entry_grave, layout_basic, serial_shops, shop,
          biasface_ghost_orc_armoury, kiku_gazebo_garden_becter,
          nicolae_qazlal_general_emergency
Lair:1:   layout_loops_ring, grunt_megastairs_5
Lair:2:   nzn_winding_woodlands_small [nzn_winding_woodlands_5x15_lazy_stream,
          nzn_winding_woodlands_center_triple_pond,
          nzn_winding_woodlands_5x15_pockets], layout_long_grid,
          swamp_mist_pool, minivault_23
Lair:3:   layout_roguey, spider_nest_entry_web_field, gammafunk_ghost_icy,
          st_stairs_11
Lair:4:   layout_long_grid, beast_lair_carwin_9, infiniplex_staircase_pool_2
Lair:5:   minmay_lair_end_enchanted_forest, layout_loops_ring, slime_entry_1
Swamp:1:  layout_basic_swamp, serial_swamp_ruin, evilmike_swamp_ruin_house_5,
          evilmike_swamp_ruin_house_4, hangedman_swamp_ruin_wall, uniq_louise
Swamp:2:  layout_falls_marsh, evilmike_swamp_ruin_house_2, swamp_pool2,
          uniq_frances
Swamp:3:  layout_basic_swamp, evilmike_swamp_ruin_house_6
Swamp:4:  swamp_icy, layout_basic_swamp, statue_in_the_mist_lemuel, swamp_pool3,
          hangedman_swamp_pad
Spider:1: layout_chambers
Spider:2: nicolae_spider_hilbert_zone_6 [nicolae_spider_hilbert_4_sides_1_open,
          nicolae_spider_hilbert_4_sides_1_open,
          nicolae_spider_hilbert_4_sides_1_open,
          nicolae_spider_hilbert_4_sides_1_open,
          nicolae_spider_hilbert_4_sides_1_open,
          nicolae_spider_hilbert_4_sides_1_open,
          nicolae_spider_hilbert_4_sides_1_open],
          portal_ice_cave_entry_frozen_things, uniq_arachne
Spider:3: layout_spider_delve
Spider:4: spider_rune_water, uniq_kirke, uniq_asterion
Slime:1:  layout_caves, nicolae_slime_phagocytosis
Slime:2:  layout_caves
Slime:3:  layout_caves, basic_altar
Slime:4:  layout_caves
Slime:5
Orc:1:    layout_diamond_mine, serial_shops, nicolae_shop_stone,
          elves_outpost_lemuel, uniq_gastronok, uniq_jorgrun
Orc:2:    grunt_orc_cross, layout_diamond_mine, nicolae_orc_pool_cavern,
          nooodl_orcs_dogs
Elf:1:    elf_arrival_002, layout_loops_corners, basic_altar,
          minmay_elf_sorcery, minmay_shoptagon
Elf:2:    elven_hall_of_blades_hangedman_original
          [nicolae_blade_entry_splitting_headache], layout_geoelf_octagon,
          serial_shops, nicolae_shop_rolling_square, serial_sigils,
          serial_sigils_hangedman_stare, serial_sigils_hangedman_gut,
          serial_sigils_hangedman_shear, serial_sigils_hangedman_scratch
Elf:3:    minmay_elf_hall_quartered_circle, layout_loops_cross, special_room
          [special_room_mythical_zoo], drop_trap
Vaults:1: v_misc_17, vaults_room_grid, vaults_mumra_hexcomb,
          nicolae_vaults_alarming, special_room_vaults [special_room_orc],
          layout_vaults_omnigrid, uniq_saint_roka
Vaults:2: nicolae_vaults_mini_display_case,
          nicolae_vaults_windows_and_doors_thing, gammafunk_sealed_arena,
          vaults_room_grunt_arrival_ludios, nicolae_vaults_little_squares_3,
          vaults_room_hallway, v_misc_11, v_misc_18, vaults_dpeg_spiral,
          vaults_room_fancy_cross, v_misc_27, vaults_dpeg_hooks,
          layout_vaults_big_cross
Vaults:3: v_pattern_3, vaults_dpeg_doors, minmay_crypt_entry_simple_corners,
          nicolae_vaults_network_quinsquares
          [nicolae_vaults_network_quincunx_subvault,
          nicolae_vaults_network_quincunx_subvault,
          nicolae_vaults_network_quincunx_subvault,
          nicolae_vaults_network_quincunx_subvault], vaults_room_door_hall,
          nicolae_vaults_hallways_thing, nicolae_vaults_murderbox,
          nicolae_vaults_ring_of_whatevers, nicolae_vaults_angled_halls,
          ontoclasm_vaults_eye, grunt_vaults_twisty, v_misc_13,
          layout_vaults_omnibox, uniq_donald, uniq_aizul, uniq_frederick
Vaults:4: v_rooms_2, nicolae_vaults_twisting_passages, vaults_room_semicircle,
          serial_ice_h, vaults_room_hangedman_quadrants,
          nicolae_vaults_diagonal_hallway_7, nicolae_vaults_circle_grid_a,
          layout_vaults_chaotic_city
Vaults:5
Crypt:1:  layout_gridlike, uniq_vv
Crypt:2:  layout_misc_corridors, ebering_ghost_xom, grunt_megastairs_2,
          uniq_zenata
Crypt:3:  lightli_unholy_cathedral, layout_chaotic_city,
          nicolae_tomb_entry_unfolded_pyramid_orthogonal,
          small_chamber_with_monster
Tomb:1
Depths:1: layout_cave_shapes, nicolae_sextant, hangedman_coc_ice_floe,
          gammafunk_ghost_cemetery, roderic_serpentine_path,
          grunt_ministairs_11, hangedman_abyss_or_decor_stagger,
          tso_oasis_becter
Depths:2: due_jory_tower, layout_gridlike, enter_ziggurat_b,
          grunt_pan_entry_in_and_out, fountainhead, hangedman_tar_grid_catacomb,
          abyss_entry_flame_altar, serial_bayou_shore_b
Depths:3: box_level_dp, abyss_entry, hell_entry
Depths:4: grunt_zot_entry_tricorne, layout_cave_pools, hell_entry, pan_entry,
          minmay_room_of_horrors
Hell
Zot:1:    layout_misc_corridors
Zot:2:    gammafunk_sealed_library, layout_gridlike, uniq_parghit
Zot:3:    layout_gridlike, zot_minivault_2
Zot:4:    layout_twisted_circle
Zot:5:    layout_onion, nicolae_diode_basic

Skill      XL: |  1  2  3  4  5  6  7  8  9 10 11 12 13 14 15 16 17 18 19 20 21 22 23 24 25 26 27 |
---------------+----------------------------------------------------------------------------------+-----
Stealth        | 1 2 3 10 | 10.0
Long Blades    | 3 6 10 13 17 20 21 26 | 26.4
Short Blades   | 2 3 5 6 9 |  9.7
Dodging        | 2 4 8 9 11 12 14 16 19 | 19.0
Throwing       | 1 4 6 11 12 14 | 14.0
Invocations    | 1 3 4 6 9 11 | 11.0
Armour         | 4 5 7 8 11 14 15 17 20 21 22 24 26 | 26.0
Fighting       | 5 8 10 12 14 15 16 19 22 | 22.6
Evocations     | 4 6 7 8 9 11 13 15 | 15.0
Air Magic      | 2 4 8 |  8.0
Conjurations   | 2 4 15 | 15.0
Poison Magic   | 1 3 |  3.0
Translocations | 4 7 10 11 14 15 | 15.0
Spellcasting   | 4 6 9 |  9.0
Transmutations | 3 7 8 13 | 13.3
Shields        | |  3.0

Action                     |  1- 3 |  4- 6 |  7- 9 | 10-12 | 13-15 | 16-18 | 19-21 | 22-24 | 25-27 || total
---------------------------+-------+-------+-------+-------+-------+-------+-------+-------+-------++-------
  Melee: Long sword        |    46 |       |       |       |       |       |       |       |       ||    46
         Peck              |    11 |    13 |    31 |    98 |   452 |   105 |   530 |   271 |   289 ||  1800
         Kick              |    10 |    30 |    62 |   178 |   731 |   196 |   817 |   407 |   442 ||  2873
         Short sword       |    34 |   108 |   184 |   410 |  1470 |    17 |       |       |       ||  2223
         Rapier            |       |       |     4 |       |       |       |       |       |       ||     4
         Great sword       |       |       |       |       |    24 |       |       |       |       ||    24
         Punch             |       |       |       |       |     1 |       |       |       |       ||     1
         Scimitar          |       |       |       |       |       |   416 |   998 |       |       ||  1414
         Dagger            |       |       |       |       |       |       |   115 |       |       ||   115
         Double sword      |       |       |       |       |       |       |   552 |   154 |       ||   706
         Triple sword      |       |       |       |       |       |       |       |  1158 |  3500 ||  4658
   Fire: Shortbow          |       |       |       |   105 |       |       |       |       |       ||   105
         Arbalest          |       |       |       |       |     5 |       |       |       |       ||     5
  Throw: Javelin           |       |     1 |     2 |       |       |       |       |     5 |    46 ||    54
         Dart              |       |       |       |    19 |    15 |     1 |    45 |     1 |       ||    81
         Boomerang         |       |       |       |       |       |       |    15 |    52 |    45 ||   112
         Throwing net      |       |       |       |       |       |       |       |       |     2 ||     2
   Cast: Manifold Assault  |       |       |       |       |       |       |       |   192 |  1514 ||  1706
         Wereblood         |       |       |       |       |       |       |       |     2 |    15 ||    17
         Blink             |       |       |       |       |       |       |       |       |    11 ||    11
 Invoke: Heroism           |       |       |       |       |     3 |     1 |       |     1 |     7 ||    12
         Finesse           |       |       |       |       |     1 |       |     2 |     2 |     8 ||    13
  Evoke: Wand              |       |       |       |     5 |     2 |       |     7 |     2 |    15 ||    31
         Tin of tremorston |       |       |       |       |       |       |       |       |     4 ||     4
    Use: Scroll            |       |       |     8 |     5 |    11 |     2 |    12 |    15 |    14 ||    67
         Potion            |       |       |       |     1 |       |     2 |     3 |     3 |    24 ||    33
   Stab: Distracted        |       |       |     1 |       |       |     1 |     2 |       |     2 ||     6
         Sleeping          |       |       |     2 |     2 |       |       |       |       |       ||     4
         Paralysed         |       |       |       |     1 |       |       |       |       |       ||     1
         Invisible         |       |       |       |       |       |       |     3 |       |     7 ||    10
         Held in net/web   |       |       |       |       |       |       |     1 |       |     1 ||     2
         Petrified         |       |       |       |       |       |       |       |     2 |       ||     2
         Petrifying        |       |       |       |       |       |       |       |     1 |       ||     1
 Armour: Scale mail        |    23 |    31 |       |       |       |       |       |       |       ||    54
         Ring mail         |       |       |    54 |    41 |       |       |       |       |       ||    95
         Crystal plate arm |       |       |       |    33 |   503 |   223 |  1146 |   742 |  1104 ||  3751
  Dodge: Dodged            |    28 |    30 |    63 |   127 |   216 |   101 |   514 |   650 |  1240 ||  2969
  Block: Buckler           |     9 |    35 |    62 |   121 |   583 |   259 |  1157 |    76 |       ||  2302
         Reflection        |       |     1 |     1 |    11 |       |       |       |       |       ||    13
         Other             |       |       |       |     9 |    14 |       |       |   428 |   553 ||  1004

Table legend: (Time is in decaauts)
 A = Elapsed time spent in this place.
 B = Non-inter-level travel time spent in this place.
 C = Inter-level travel time spent in this place.
 D = Time resting spent in this place.
 E = Time spent auto-exploring this place.
 F = Levels seen in this place.
 G = Mean time per level.
                   A        B        C        D        E       F      G
               +--------+--------+--------+--------+--------+-----+--------+
         Total |  97218 |  85217 |  12001 |  20160 |  47104 |  77 | 1262.6 |
       Dungeon |  15909 |  12310 |   3599 |    968 |   8524 |  15 | 1060.6 |
          Lair |   6420 |   5292 |   1128 |    838 |   3265 |   5 | 1284.0 |
         Swamp |   2923 |   2788 |    135 |    251 |   1885 |   4 |  730.8 |
   Spider Nest |   6863 |   6645 |    218 |   1722 |   3622 |   4 | 1715.8 |
    Slime Pits |   2337 |   2158 |    179 |    511 |   1204 |   5 |  467.4 |
  Orcish Mines |   3913 |   2448 |   1465 |    479 |   1254 |   2 | 1956.5 |
   Elven Halls |   5807 |   5173 |    634 |   2210 |   1885 |   3 | 1935.7 |
        Vaults |  10575 |   8764 |   1811 |   1645 |   5459 |   5 | 2115.0 |
         Crypt |   4724 |   4150 |    574 |    841 |   2592 |   3 | 1574.7 |
          Tomb |   2332 |   2080 |    252 |    999 |    817 |   1 | 2332.0 |
        Depths |  10465 |   9016 |   1449 |   2622 |   4830 |   4 | 2616.2 |
          Hell |   1563 |   1553 |     10 |     40 |   1243 |   1 | 1563.0 |
           Zot |  10804 |  10263 |    541 |   4300 |   4695 |   5 | 2160.8 |
         Abyss |    681 |    681 |      0 |     91 |      0 |   5 |  136.2 |
   Pandemonium |   9760 |   9760 |      0 |   2280 |   5049 |  12 |  813.3 |
        Bailey |    649 |    649 |      0 |      0 |    293 |   1 |  649.0 |
      Ice Cave |    971 |    971 |      0 |    248 |    314 |   1 |  971.0 |
      Gauntlet |    513 |    513 |      0 |    109 |    169 |   1 |  513.0 |
               +--------+--------+--------+--------+--------+-----+--------+

Top non-repeatable levels by time:
Depths:3: 3833 daAuts
Spider:4: 2782 daAuts
    D:13: 2760 daAuts
Vaults:5: 2715 daAuts
   Zot:5: 2574 daAuts
Depths:1: 2573 daAuts
   Zot:3: 2506 daAuts
Vaults:2: 2465 daAuts
   Zot:4: 2413 daAuts
  Tomb:1: 2332 daAuts
   Elf:2: 2271 daAuts
Depths:2: 2265 daAuts
   Orc:2: 2207 daAuts
   Zot:2: 2175 daAuts
 Crypt:3: 2150 daAuts
